[Event "*** SCC Grand Prix: Titled Tuesday Blitz"]
[Site "Chess.com"]
[Date "2020.08.11"]
[Round "2"]
[White "coocloo"]
[Black "Paladin61"]
[Result "0-1"]
[WhiteElo "2029"]
[BlackElo "2616"]
[TimeControl "180+1"]
[EndTime "10:19:08 PDT"]
[Termination "Paladin61 won on time"]

1. e4 c5 2. c3 g6 3. d4 cxd4 4. cxd4 d5 5. exd5 Nf6 6. Nf3 Bg7 7. d6 Qxd6 8. Bc4 O-O 9. O-O a6 10. Nc3 b5 11. Bb3 Nc6 12. h3 Bb7 13. Re1 Rad8 14.
Be3 Na5 15. Ne5 Qb6 16. Qc2 Rc8 17. Qd1 Qa7 18. Rc1 Qa8 19. f3 e6 20. Bg5 Nxb3 21.
Qxb3 Bd5 22. Nxd5 Qxd5 23. Bxf6 Qxd4+ 24. Kh1 Rxc1 25. Rxc1 Bxf6 26. Ng4 Bg7 27. Rd1 Qxb2 28. Qxb2 Bxb2 29. Rd6 a5 30. Rb6 b4 31. Ra6 Bc3 32.
Rxa5 b3 33. Ra6 b2 34. Rb6 Rd8 35. Kh2 Rd1 36. Nh6+ Kg7 37. Ng4 b1=Q 38. Rc6 Rh1+ 39.
Kg3 Rc1 40. Rb6 Be1+ 0-1

[Event "*** SCC Grand Prix: Titled Tuesday Blitz"]
[Site "Chess.com"]
[Date "2020.08.11"]
[Round "2"]
[White "sergeikim"]
[Black "Vuk2000"]
[Result "0-1"]
[WhiteElo "2461"]
[BlackElo "2699"]
[TimeControl "180+1"]
[EndTime "10:19:09 PDT"]
[Termination "Vuk2000 won on time"]

1. d4 e6 2. c3 Nf6 3. c4 Bb4+ 4. Nc3 O-O 5. Qc2 c5 6. dxc5 Na6 7. Nf3 Nxc5 8. Bd2 b6 9. e3 Bb7 10. Be2 Nfe4 11. O-O Nxd2 12. Nxd2 Qf6 13. Bf3 Bxf3 14. Nxf3 Bxc3 15. bxc3 Rac8 16. Rfd1 Rc7 17. Rd4 Rfc8 18.
Rad1 Qe7 19. Qd2 h6 20. h3 d5 21. cxd5 exd5 22. Qc2 Ne4 23. R1d3 Rxc3 24. Rxc3 Nxc3 25. Kh2 Rc5 26. a3 Nb5 27. Qf5 Nxd4 28. exd4 Qd6+ 29.
Ne5 Rc7 30. f4 g6 31. Qd3 Kg7 32. a4 Qf6 33. Qf3 Qf5 34. Qg3 Rc2 35. Nf3 Rc3 36. Qh4 Qf6 37. Qg4 Rc4 38. Qg3 Rxa4 39. Qg4 Rxd4 0-1

[Event "*** SCC Grand Prix: Titled Tuesday Blitz"]
[Site "Chess.com"]
[Date "2020.08.11"]
[Round "2"]
[White "Rap_woyska"]
[Black "zmarian"]
[Result "0-1"]
[WhiteElo "2396"]
[BlackElo "2198"]
[TimeControl "180+1"]
[EndTime "10:19:10 PDT"]
[Termination "zmarian won on time"]

1. c4 g6 2. Nf3 Bg7 3. Nc3 c5 4. e3 Nf6 5. d4 cxd4 6. exd4 d5 7. Qb3 dxc4 8. Bxc4 O-O 9. O-O Nc6 10. Ne5 Nxe5 11.
dxe5 Ng4 12. e6 f5 13. Bf4 Ne5 14. Bd5 Nd3 15. Bg5 h6 16. Rad1 hxg5 17. Rxd3 Qa5 18. Rfd1 Rb8 19. h3 b5 20. Bc6 Bxc3 21. Qxc3 Qxc3 22.
bxc3 Bxe6 23. Re3 Rf6 24. Rd2 Rb6 25. Bf3 Kf7 26. a3 a5 27. Rd8 Bc4 28. Ra8 a4 29.
Ra7 Rfe6 30. Rxe6 Rxe6 31. Rb7 Rd6 32. g3 Kf6 33. Rb8 Rd3 34. Bc6 Rxc3 35. Rb6 e6 36.
Rb8 Rxa3 37. Rf8+ Ke7 38. Re8+ Kf6 39. Rf8+ Ke5 40. Rd8 b4 41. Rd2 b3 42. g4 Ra1+ 0-1

[Event "*** SCC Grand Prix: Titled Tuesday Blitz"]
[Site "Chess.com"]
[Date "2020.08.11"]
[Round "2"]
[White "kngopal"]
[Black "oganromchess"]
[Result "1-0"]
[WhiteElo "2191"]
[BlackElo "2391"]
[TimeControl "180+1"]
[EndTime "10:19:11 PDT"]
[Termination "kngopal won on time"]

1. e4 e6 2. d4 d5 3. e5 c5 4.
c3 Nc6 5. Nf3 Nge7 6. Bd3 cxd4 7. cxd4 Nf5 8. Bxf5 exf5 9. O-O Be7 10. Nc3 O-O 11.
Qb3 Be6 12. Qxb7 Na5 13. Qb5 Nc4 14. Qa4 g5 15. Qc2 Rc8 16. Qe2 f4 17. Nd2 Qd7 18. Nxc4 Rxc4 19. Rd1 Bg4 20. f3 Bf5 21. Kh1 Rfc8 22.
g4 Bg6 23. h4 h6 24. Kg2 Bb4 25. hxg5 hxg5 26. Bd2 Rxd4 27. Be1 Rxd1 28. Rxd1 Bxc3 29. Bxc3 Qe6 30. Qb5 Rc4 31. Rxd5 Re4 32. Rd8+ Kh7 33. Qb8 Re2+ 34. Kf1 1-0

[Event "*** SCC Grand Prix: Titled Tuesday Blitz"]
[Site "Chess.com"]
[Date "2020.08.11"]
[Round "2"]
[White "Manukyan_Artak"]
[Black "Iball95"]
[Result "1/2-1/2"]
[WhiteElo "2320"]
[BlackElo "2711"]
[TimeControl "180+1"]
[EndTime "10:19:13 PDT"]
[Termination "Game drawn - insufficient material"]

1. e4 c5 2. Nf3 Nc6 3. c3 Nf6 4.
e5 Nd5 5. d4 cxd4 6. cxd4 d6 7.
Nc3 dxe5 8. dxe5 Nxc3 9. Qxd8+ Nxd8 10. bxc3 Nc6 11. Bf4 Bg4 12. Nd4 Bd7 13. Bb5 e6 14. Nxc6 Bxc6 15. Bxc6+ bxc6 16. Kd2 O-O-O+ 17. Kc2 Bc5 18. Bg3 h5 19. h4 Rd5 20. Rhd1 Rhd8 21. c4 Rd4 22.
Rxd4 Rxd4 23. Kc3 Rg4 24. Rd1 g5 25. Rh1 gxh4 26. Rxh4 Bd4+ 27. Kd3 Rxh4 28. Bxh4 Bxe5 29. Ke4 Bd6 30. Bf6 Kd7 31. f3 a6 32. g4 hxg4 33. fxg4 Kc7 34. Be5 Bxe5 35. Kxe5 Kd7 36. Kf6 Ke8 37.
g5 c5 38. g6 fxg6 39. Kxe6 g5 40. Kf5 Kd7 41. Kxg5 Kc6 42. Kf6 Kb6 43. Ke6 Ka5 44.
a3 Ka4 45. Kd5 Kxa3 46. Kxc5 Kb3 47. Kd5 a5 48. c5 a4 49. c6 a3 50. c7 a2 51. c8=Q a1=Q 52. Qc4+ Kb2 53. Qd4+ Ka2 54.
Qxa1+ Kxa1 1/2-1/2

[Event "*** SCC Grand Prix: Titled Tuesday Blitz"]
[Site "Chess.com"]
[Date "2020.08.11"]
[Round "2"]
[White "midedu"]
[Black "Barmen_EV"]
[Result "0-1"]
[WhiteElo "2147"]
[BlackElo "2400"]
[TimeControl "180+1"]
[EndTime "10:19:13 PDT"]
[Termination "Barmen_EV won by resignation"]

1. e4 c5 2. Nc3 Nc6 3. g3 g6 4. Bg2 Bg7 5. d3 d6 6. Be3 h5 7. h3 e5 8. Nge2 Be6 9. f4 Qd7 10. fxe5 Nxe5 11. Nf4 Ne7 12. Nxe6 fxe6 13. O-O N7c6 14.
Ne2 O-O-O 15. c3 Kb8 16. b3 Qe7 17. d4 Nf7 18. Qd2 h4 19. g4 Bh6 20. Nf4 cxd4 21. cxd4 Bxf4 22. Bxf4 e5 23. d5 exf4 24. dxc6 bxc6 25. Qxf4 Ne5 26. Qf6 Qc7 27. Rad1 Qb6+ 28. Kh1 Qc7 29. Qg5 Rd7 30. Rf6 Kb7 31. Re6 Rf8 32.
Qxh4 Rff7 33. Qg5 Rh7 34. Qf4 Nf7 35. Rf6 g5 36. Qf5 Ne5 37. Qxg5 Rdg7 38. Qf5 Nxg4 39.
Rfxd6 Ne3 40. Rd7 Rxd7 41. Rxd7 Rxd7 42. Qf2 Rd1+ 0-1

[Event "*** SCC Grand Prix: Titled Tuesday Blitz"]
[Site "Chess.com"]
[Date "2020.08.11"]
[Round "2"]
[White "viktorskliarov"]
[Black "TigrVShlyape"]
[Result "0-1"]
[WhiteElo "2568"]
[BlackElo "2867"]
[TimeControl "180+1"]
[EndTime "10:19:14 PDT"]
[Termination "TigrVShlyape won by resignation"]

1. e4 c5 2. Nf3 e6 3. d4 cxd4 4. Nxd4 a6 5. Nc3 b5 6. Be2 Bb7 7. a3 Qc7 8. O-O Nf6 9. Qd3 d6 10. f4 Nbd7 11. Bf3 Be7 12. Bd2 g6 13. Rae1 e5 14.
Nb3 exf4 15. Bxf4 Ne5 16. Bxe5 dxe5 17. Nd5 Nxd5 18. exd5 Rd8 19. Qe3 O-O 20. Qxe5 Qxe5 21. Rxe5 Bf6 22. Re2 Bxb2 23. Rd1 Bxa3 24. Kf1 Bd6 25.
Na5 Bc8 26. g3 Rfe8 27. Rde1 Rxe2 28. Rxe2 Kf8 29. Nc6 Re8 30. Rd2 Bh3+ 31. Bg2 Bg4 32. h3 Bf5 33. g4 Be4 34. Bxe4 Rxe4 35. Kf2 Ke8 36. Kf3 Rf4+ 37. Ke3 Kd7 38. Rd1 f5 39. gxf5 Rxf5 40. Ke4 Kc7 41. Ra1 Kb6 42. Nd4 Re5+ 43. Kd3 Rxd5 44. c3 a5 45. Rf1 b4 46. Rf7 bxc3 47. Kc4 Rxd4+ 48. Kxd4 c2 49. Rf1 Ba3 0-1

[Event "*** SCC Grand Prix: Titled Tuesday Blitz"]
[Site "Chess.com"]
[Date "2020.08.11"]
[Round "2"]
[White "Dinamo81"]
[Black "Srisshhhtea"]
[Result "1-0"]
[WhiteElo "2655"]
[BlackElo "2330"]
[TimeControl "180+1"]
[EndTime "10:19:14 PDT"]
[Termination "Dinamo81 won on time"]

1. d4 Nf6 2. Bf4 d5 3. e3 e6 4.
Nd2 Bd6 5. Bg3 O-O 6. Ngf3 c5 7.
c3 Qc7 8. dxc5 Qxc5 9. Bd3 Bxg3 10. hxg3 Nc6 11. Nd4 h6 12. f4 e5 13. Nc2 Bg4 14. Be2 Bf5 15. Nb3 Qb6 16. Bd3 Bg4 17. Be2 Bf5 18.
Bd3 Be4 19. Qe2 a5 20. O-O-O a4 21. Nd2 Bxd3 22. Qxd3 Rfe8 23. Rh4 Qc5 24. g4 exf4 25. exf4 Ne4 26. Nf3 Nf2 27. Qxd5 Qxd5 28. Rxd5 Ra6 29. g5 hxg5 30. Nxg5 Raa8 31. Rd2 Ne4 32. Nxe4 Rxe4 33. g3 Rae8 34. Rdh2 f6 35. Rh8+ Kf7 36. Rxe8 Rxe8 37.
Rd2 Na5 38. Rd5 Nc4 39. Rd7+ Kg6 40. b3 axb3 41. axb3 Na5 42. Kb2 1-0

[Event "*** SCC Grand Prix: Titled Tuesday Blitz"]
[Site "Chess.com"]
[Date "2020.08.11"]
[Round "2"]
[White "dopolian"]
[Black "GMHess"]
[Result "0-1"]
[WhiteElo "2533"]
[BlackElo "2819"]
[TimeControl "180+1"]
[EndTime "10:19:15 PDT"]
[Termination "GMHess won by resignation"]

1. e4 d6 2. d4 Nf6 3. Nc3 c6 4.
f4 Qa5 5. Bd3 d5 6. e5 Ne4 7.
Ne2 f5 8. O-O Be6 9. Be3 Nd7 10.
Nb1 Qc7 11. Nd2 Nb6 12. c3 Bf7 13. Nf3 e6 14. Qe1 Be7 15. Ng5 Bg8 16. b4 a5 17.
bxa5 Rxa5 18. c4 Nxc4 19. Bxc4 Nxg5 20. Bxd5 Nh3+ 21. gxh3 exd5 22. Qg3 Be6 23. Kh1 O-O 24.
Rg1 Rf7 25. a4 c5 26. dxc5 d4 27. Nxd4 Bd5+ 28. Nf3 Qc6 29. Rgf1 Bxc5 30. Rac1 b6 31. Bxc5 bxc5 32. Kg1 Qxa4 33. Ng5 Rfa7 34. Rfd1 c4 35. Qf2 h6 36. Nf3 c3 37. Nd4 Be4 38. Ne2 c2 39. Rd8+ Kh7 40. Nc3 Qa3 41. Nxe4 Qxc1+ 42. Kg2 fxe4 43.
Kg3 Qd1 44. Kh4 Qxd8+ 0-1

[Event "*** SCC Grand Prix: Titled Tuesday Blitz"]
[Site "Chess.com"]
[Date "2020.08.11"]
[Round "2"]
[White "chessfrendz"]
[Black "Siemba"]
[Result "0-1"]
[WhiteElo "2261"]
[BlackElo "2473"]
[TimeControl "180+1"]
[EndTime "10:19:15 PDT"]
[Termination "Siemba won on time"]

1. d4 d5 2. Nf3 c5 3. c3 Nf6 4.
Bf4 e6 5. e3 Bd6 6. Bg3 O-O 7.
Nbd2 Qc7 8. Ne5 Nbd7 9. f4 cxd4 10. exd4 Ne4 11. Nxe4 dxe4 12. Qd2 f6 13. Nc4 f5 14. Be2 Nf6 15. Nxd6 Qxd6 16. O-O Bd7 17. Bf2 Rfc8 18. c4 Be8 19. Rfe1 Bh5 20. Bxh5 Nxh5 21.
Be3 Nf6 22. Rac1 a6 23. Red1 b5 24. b3 Rab8 25. h3 bxc4 26. bxc4 Qb4 27. Qe2 Qa4 28. g4 Rb4 29. g5 Ne8 30. c5 Nc7 31. Qh5 Nd5 32. g6 h6 33. Qe2 Rcb8 34. c6 Rb2 35. c7 Nxc7 36. Qc4 Qxc4 37. Rxc4 Nd5 0-1

[Event "*** SCC Grand Prix: Titled Tuesday Blitz"]
[Site "Chess.com"]
[Date "2020.08.11"]
[Round "2"]
[White "CheckThis4"]
[Black "UKR_Master"]
[Result "1-0"]
[WhiteElo "2618"]
[BlackElo "2298"]
[TimeControl "180+1"]
[EndTime "10:19:16 PDT"]
[Termination "CheckThis4 won by resignation"]

1. e4 c5 2. Nf3 d6 3. d4 cxd4 4. Nxd4 Nf6 5. Nc3 e5 6. Nf3 Be7 7. Bc4 O-O 8. h3 Be6 9. Bb3 h6 10. O-O Nc6 11. Be3 Rc8 12. Qd2 a6 13. Rad1 Na5 14.
Bxh6 gxh6 15. Qxh6 Nxb3 16. axb3 Nh7 17. Nxe5 Bg5 18.
Qh5 Bf4 19. Ng6 fxg6 20. Qxg6+ Kh8 21. Qxe6 Qg5 22. Rd5 Qg7 23. Rf5 Rg8 24. g4 Be5 25. Rh5 Rge8 26. Qf5 Rf8 27. Qe6 Rfe8 28. Qd5 Rg8 29.
Kg2 Qg6 30. Kh1 Rc5 31. Qd3 Rf8 32. Nd5 Kg8 33. f4 Qf7 34. Kg2 Bxb2 35. f5 Bg7 36. Qd2 Nf6 37. Nxf6+ Qxf6 38. g5 Qe5 39.
Qe2 d5 40. f6 Rfc8 41. c4 Qe8 42. fxg7 dxe4 43. Rh8+ Kxg7 44. Rxe8 Rxg5+ 45. Kh2 Rxe8 46. Rg1 Rg4 1-0

[Event "*** SCC Grand Prix: Titled Tuesday Blitz"]
[Site "Chess.com"]
[Date "2020.08.11"]
[Round "2"]
[White "WPWPWP-2015"]
[Black "mr65"]
[Result "1-0"]
[WhiteElo "2395"]
[BlackElo "2135"]
[TimeControl "180+1"]
[EndTime "10:19:16 PDT"]
[Termination "WPWPWP-2015 won on time"]

1. e4 e5 2. Nf3 Nc6 3. Bb5 a6 4. Bxc6 dxc6 5. O-O Qe7 6. c3 Bg4 7. h3 Bxf3 8. Qxf3 O-O-O 9. Na3 f6 10. Nc2 Qe6 11. d4 Bd6 12. Be3 h5 13. d5 cxd5 14. exd5 e4 15. dxe6 exf3 16. gxf3 Re8 17. Nd4 Be5 18.
Rfe1 Nh6 19. Bxh6 Rxh6 20. Nf5 Rg6+ 21. Kf1 Rg5 22. Nh4 Bd6 23. Re4 Re5 24. Rae1 R8xe6 25. Ng6 Rxe4 26. fxe4 Kd7 27. f4 Bc5 28. b4 Be7 29. f5 Rc6 30. Re3 Ke8 31. Nf4 Bd6 32. Nxh5 Be5 33.
Nxg7+ Kf7 34. Ne6 Rxc3 35. Rxc3 Bxc3 36. b5 axb5 37. Nxc7 b4 38. Ne6 Bd2 39. Ke2 Bh6 40.
Kd3 Ke7 41. Kc4 Kd6 42. Kd4 b5 43. h4 b3 44. axb3 1-0

[Event "*** SCC Grand Prix: Titled Tuesday Blitz"]
[Site "Chess.com"]
[Date "2020.08.11"]
[Round "2"]
[White "MYMChessAcademy"]
[Black "Tssunami"]
[Result "1-0"]
[WhiteElo "2145"]
[BlackElo "2375"]
[TimeControl "180+1"]
[EndTime "10:19:16 PDT"]
[Termination "MYMChessAcademy won by resignation"]

1. e4 e6 2. d4 d5 3. Nc3 Nf6 4.
e5 Nfd7 5. f4 c5 6. Nf3 Nc6 7.
Be3 a6 8. dxc5 Bxc5 9. Bxc5 Nxc5 10. a3 O-O 11. b4 d4 12. Ne2 d3 13. Nc3 d2+ 14. Nxd2 Qd4 15. Qf3 Na4 16. Ndb1 f5 17. g3 Na7 18. Qd3 Qxd3 19. Bxd3 Nxc3 20. Nxc3 Bd7 21. Rd1 Rac8 22. Ne2 Bc6 23. O-O Bh1 24. Kxh1 Rfd8 25. g4 fxg4 26. f5 Nc6 27. fxe6 Nxe5 28.
e7 Re8 29. Bf5 Rb8 30. Rg1 Rxe7 31. Bxg4 Rf8 32. Bh3 Nc4 33. Rd4 Ne3 34. Ng3 g6 35. Re4 Rxe4 36. Nxe4 Re8 37. Nf6+ Kf7 38. Nxe8 Kxe8 39.
Re1 Kd8 40. Rxe3 Kc7 41. Re7+ Kd6 42. Rxh7 Kd5 43. Rh6 Kc4 44. Rxg6 Kc3 45. Rg7 b5 46. Rb7 Kxc2 47. Ra7 Kb3 48. Rxa6 Kc4 49. Ra5 Kb3 50.
Rxb5 Kxa3 51. Rh5 Kxb4 52. Bg4 Kc4 53. Rg5 Kd4 54. Bc8 Ke4 55. Rg7 Kf4 56. h4 Ke5 57. h5 Kf6 58. h6 Ke5 59. Be6 Kf6 60. h7 Kxe6 61. h8=Q Kd6 62. Qe8 Kc5 63. Rd7 Kb6 64.
Qc8 Ka5 65. Rb7 1-0

[Event "*** SCC Grand Prix: Titled Tuesday Blitz"]
[Site "Chess.com"]
[Date "2020.08.11"]
[Round "2"]
[White "timator"]
[Black "Aguiar94"]
[Result "1-0"]
[WhiteElo "2698"]
[BlackElo "2459"]
[TimeControl "180+1"]
[EndTime "10:19:17 PDT"]
[Termination "timator won by checkmate"]

1. Nf3 d5 2. b3 c5 3. Bb2 Nc6 4. e3 a6 5. d4 Bg4 6. h3 Bh5 7. Be2 Nf6 8. O-O e6 9. Nbd2 Rc8 10. Rc1 cxd4 11. exd4 Bd6 12. Ne5 Bg6 13. Nxg6 hxg6 14.
c3 Bf4 15. Bf3 Qd6 16. Qe2 Kf8 17. Rfd1 Kg8 18. Rb1 Qd8 19. Nf1 Bb8 20. c4 Qd6 21.
c5 Qc7 22. Bc1 Rh4 23. Be3 Qa5 24. b4 Nxb4 25. Qd2 Nc6 26. Rxb7 Qxd2 27. Rxd2 Na5 28. Rb1 Nc4 29. Rdd1 Nh5 30. Be2 Nf4 31. Bxc4 dxc4 32. g3 Nxh3+ 33. Kg2 Rh8 34. Rbc1 f5 35. f4 Kf7 36. Rxc4 Rh5 37. d5 exd5 38. Rxd5 Ke6 39. Rd2 Rch8 40. c6 Bc7 41. Rd7 Rc8 42. Rc2 g5 43. fxg5 Nxg5 44. Bxg5 Rxg5 45. Re2+ Kf6 46.
Ree7 Ba5 47. Ne3 Rxc6 48. Nd5+ Kg6 49. Rxg7+ Kh5 50. Rh7+ Kg6 51. Rdg7# 1-0

[Event "*** SCC Grand Prix: Titled Tuesday Blitz"]
[Site "Chess.com"]
[Date "2020.08.11"]
[Round "2"]
[White "Azeryahu"]
[Black "Cambek64"]
[Result "1-0"]
[WhiteElo "2765"]
[BlackElo "2318"]
[TimeControl "180+1"]
[EndTime "10:19:17 PDT"]
[Termination "Azeryahu won on time"]

1. d4 d5 2. Nf3 Bf5 3. g3 e6 4. Bg2 Nf6 5. c4 c6 6. Nc3 Be7 7. Qb3 Qb6 8. c5 Qc7 9. Bf4 Qc8 10. Nh4 Bg6 11. Nxg6 hxg6 12. h3 Nh5 13. Be3 Nd7 14. g4 Nhf6 15. Bf4 O-O 16. Qd1 b6 17. b4 a5 18. a3 axb4 19. axb4 bxc5 20. bxc5 Ne8 21.
O-O Bd8 22. Rxa8 Qxa8 23. Qa1 Qc8 24. e3 Bc7 25. Ne2 Bxf4 26. Nxf4 Nc7 27. Rb1 Re8 28. Bf1 e5 29. Nd3 exd4 30. exd4 Nf6 31. Ne5 Ne6 32.
Rb6 Nd8 33. Qa7 Ne4 34. Rb8 Qe6 35. Qd7 Qxd7 36. Nxd7 Nf6 37. Nxf6+ gxf6 38. Rc8 1-0

[Event "*** SCC Grand Prix: Titled Tuesday Blitz"]
[Site "Chess.com"]
[Date "2020.08.11"]
[Round "2"]
[White "onnoelgersma"]
[Black "chesslh19"]
[Result "1-0"]
[WhiteElo "2407"]
[BlackElo "2173"]
[TimeControl "180+1"]
[EndTime "10:19:17 PDT"]
[Termination "onnoelgersma won by resignation"]

1. e4 c5 2. Nf3 d6 3. Bb5+ Bd7 4. Bxd7+ Qxd7 5. O-O Nf6 6. Re1 Nc6 7. c3 e6 8. d4 cxd4 9. cxd4 d5 10. e5 Ne4 11.
Nbd2 Nxd2 12. Bxd2 Be7 13. h4 O-O 14. h5 h6 15. Rc1 Rfc8 16. Qb3 Bf8 17. g4 Ne7 18. Bb4 Rxc1 19. Rxc1 Rc8 20. Rxc8 Qxc8 21. Bd6 b6 22.
Kg2 Qc4 23. Qxc4 dxc4 24. Bxe7 Bxe7 25. Nd2 b5 26. f4 Bb4 27. Nb1 Kf8 28. Kf3 Ke7 29.
Ke4 Kd7 30. d5 exd5+ 31. Kxd5 a6 32. g5 Be1 33. gxh6 gxh6 34. f5 Bg3 35. Nc3 Bf4 36. Ne4 Bc1 37. Nc5+ Ke7 38. f6+ Ke8 39. Nxa6 Bxb2 40. Nc7+ Kf8 41. Nxb5 c3 42. Nd4 Ba3 43. Nc2 Bc1 44. a4 Ke8 45. a5 Kd7 46. a6 Kc7 47. e6 fxe6+ 48. Kxe6 Bf4 49. f7 Bd6 50. a7 Kb7 51. Kxd6 1-0

[Event "*** SCC Grand Prix: Titled Tuesday Blitz"]
[Site "Chess.com"]
[Date "2020.08.11"]
[Round "2"]
[White "Artur0208"]
[Black "DishonorOnYourCow"]
[Result "1-0"]
[WhiteElo "2757"]
[BlackElo "2318"]
[TimeControl "180+1"]
[EndTime "10:19:18 PDT"]
[Termination "Artur0208 won by resignation"]

1. d4 Nf6 2. c4 g6 3. Nc3 d5 4. Bf4 Bg7 5. e3 O-O 6. Rc1 Be6 7. c5 c6 8. Be2 Nbd7 9. h3 Ne8 10. Nf3 f6 11. O-O Bf7 12. Bg3 e5 13. b4 e4 14. Nd2 f5 15. f4 exf3 16. Bxf3 Bh6 17. Bf4 g5 18. Bg3 g4 19. hxg4 Bxe3+ 20. Bf2 Bxf2+ 21.
Rxf2 f4 22. b5 Qg5 23. bxc6 bxc6 24. Qa4 Rc8 25. Qxa7 Nef6 26. Re1 Rcd8 27. Qc7 Nxg4 28. Bxg4 Qxg4 29. Qxf4 Qg7 30. Re7 Qg6 31. Re3 Kh8 32.
Rg3 Qh5 33. Rg5 Bg6 34. Rxh5 Rxf4 35. Rxh7+ Bxh7 36. Rxf4 Rb8 37. Nb3 Kg7 38. Kf2 Nf6 39. g4 Bc2 40. Na5 Rb2 41. Nxc6 Ba4+ 42. Ke3 Bxc6 43. g5 Nd7 44. Kd3 Rg2 45. Rf5 Kg6 46. Rf3 Rxg5 47. Kc2 Nf6 48. Kb3 Rg4 49.
Rd3 Ne4 50. Nd1 Rg1 51. a4 Bb7 52. Nb2 Ba6 53. Re3 Kf5 54. Kb4 Rb1 55. Ka3 Nd2 56. Rh3 Ke4 57. Rh4+ Ke3 58. Ka2 Rf1 59. Rh6 Rf2 60.
Rxa6 Nc4 61. Rb6 Nxb6 62. cxb6 Rf6 63. a5 Kxd4 64. b7 Rf8 65. a6 Kc5 66. a7 Kb6 67. b8=Q+ 1-0

[Event "*** SCC Grand Prix: Titled Tuesday Blitz"]
[Site "Chess.com"]
[Date "2020.08.11"]
[Round "2"]
[White "Legendinunknown"]
[Black "Infernal_XaM"]
[Result "0-1"]
[WhiteElo "2587"]
[BlackElo "2916"]
[TimeControl "180+1"]
[EndTime "10:19:19 PDT"]
[Termination "Infernal_XaM won by resignation"]

1. d4 Nf6 2. c4 e5 3. dxe5 Ng4 4. Bf4 g5 5. Bg3 Bg7 6. Nf3 Nc6 7. Nc3 Ngxe5 8. e3 h5 9. h3 Nxf3+ 10. Qxf3 d6 11.
Be2 Be6 12. Qe4 Qd7 13. Qc2 O-O-O 14. O-O-O Bf5 15. Qb3 Bg6 16. c5 Bxc3 17. Qxc3 d5 18. Bd3 d4 19. Qa3 Bxd3 20. Qxd3 dxe3 21. Qxe3 Qf5 22.
Qc3 h4 23. Bh2 Qxf2 24. Qc2 Qxc2+ 25. Kxc2 f5 26. Rhf1 f4 27. Bg1 Rhe8 28. Rxd8+ Nxd8 29. Kd3 Nc6 30. Bf2 Ne5+ 31. Kc3 Nd7 32. Kd3 c6 33. Rc1 Nf6 34. b4 Nd5 35. a3 Kd7 36. Rb1 Ne3 37. Rg1 Nf5 38. Rb1 Re5 39. a4 Ke6 40. b5 Kd5 41. bxc6 Kxc6 42. Rd1 Rd5+ 43. Ke2 Rxd1 44. Kxd1 Kd5 45. Ke2 Ke4 46. a5 a6 47.
Kd2 Ne7 48. Kc3 Nc6 49. Kc4 Nxa5+ 50. Kb4 Nc6+ 0-1

[Event "*** SCC Grand Prix: Titled Tuesday Blitz"]
[Site "Chess.com"]
[Date "2020.08.11"]
[Round "2"]
[White "Firegrizzly"]
[Black "KuzubovYuriy"]
[Result "0-1"]
[WhiteElo "2549"]
[BlackElo "2831"]
[TimeControl "180+1"]
[EndTime "10:19:19 PDT"]
[Termination "KuzubovYuriy won by resignation"]

1. e4 c5 2. Nf3 Nc6 3. Bb5 e6 4.
Bxc6 bxc6 5. d3 d5 6. O-O Ne7 7. c4 Ng6 8. e5 Be7 9. Nc3 f6 10.
Qe2 O-O 11. h4 Nxe5 12. Nxe5 fxe5 13. h5 e4 14. dxe4 d4 15. Na4 e5 16. b3 Bd6 17. Ba3 Qe7 18. Rad1 Bd7 19. Rd3 Rf6 20. Rg3 Raf8 21. Bc1 h6 22. Ba3 Rf4 23. Bc1 R4f6 24. Ba3 Be8 25. Bc1 Kh7 26. Ba3 Rf4 27. Bc1 Rh4 28.
Rg6 Rxh5 29. Qxh5 Bxg6 30. Qg4 h5 31. Qe2 Qe6 32. f3 h4 33. Ba3 Qe7 34. Qd2 Bh5 35. Kh2 Rf4 36. Qa5 Qg5 37. Qe1 h3 38. g4 Bxg4 39. fxg4 Rxg4 40. Kh1 Rg2 41. Rg1 Qg4 42. Bxc5 Qf3 43. Qh4+ Kg8 44. Qd8+ Kf7 45. Qd7+ Kg8 46.
Qd8+ Kh7 47. Qh4+ Kg6 48. Qf6+ gxf6 0-1

[Event "*** SCC Grand Prix: Titled Tuesday Blitz"]
[Site "Chess.com"]
[Date "2020.08.11"]
[Round "2"]
[White "Bulldog167"]
[Black "ThePatrick27"]
[Result "1-0"]
[WhiteElo "2709"]
[BlackElo "2472"]
[TimeControl "180+1"]
[EndTime "10:19:19 PDT"]
[Termination "Bulldog167 won by resignation"]

1. e4 e5 2. f4 exf4 3. Nf3 g5 4.
Bc4 Bg7 5. Nc3 h6 6. g3 fxg3 7. hxg3 Ne7 8. O-O O-O 9. d4 c6 10. Bxg5 d5 11. Bxe7 Qxe7 12. exd5 Qd6 13. Kg2 cxd5 14.
Bxd5 Nc6 15. Qd2 Bg4 16. Bxc6 Qxc6 17. d5 Qb6 18. Qf4 Qxb2 19. Qxg4 Qxc2+ 20. Rf2 Qxc3 21. Raf1 Kh8 22. Nh4 Qd4 23. Qxd4 Bxd4 24. Rxf7 Rxf7 25. Rxf7 b5 26. Rb7 Bb6 27. Kf3 Rd8 28. Ke4 b4 29. Ke5 Kg8 30. Nf5 h5 31. d6 Kf8 32. Ke6 Re8+ 33. Kf6 Rd8 34. Rf7+ Kg8 35. Rg7+ Kh8 36. Re7 Kg8 37. Ke6 Kh8 38. d7 Kg8 39. Re8+ Kh7 40. Nd6 Kg6 41. Nf7 Rxd7 42. Ne5+ Kg5 43. Nxd7 Kg4 44.
Nxb6 axb6 45. Rb8 Kxg3 46. Rxb6 h4 47. Rxb4 h3 48. Rb1 Kg2 49. a4 1-0

[Event "*** SCC Grand Prix: Titled Tuesday Blitz"]
[Site "Chess.com"]
[Date "2020.08.11"]
[Round "2"]
[White "AGW2016"]
[Black "Matveev_Vladimir"]
[Result "1-0"]
[WhiteElo "2322"]
[BlackElo "2641"]
[TimeControl "180+1"]
[EndTime "10:19:20 PDT"]
[Termination "AGW2016 won by resignation"]

1. d4 Nf6 2. c4 g6 3. Nc3 Bg7 4.
e4 O-O 5. Nf3 d6 6. Be2 e5 7.
O-O Nc6 8. d5 Ne7 9. Ne1 Nd7 10.
Be3 f5 11. f3 f4 12. Bf2 g5 13. Rc1 Ng6 14. c5 Nxc5 15. b4 Na6 16. Nd3 b6 17. Nb5 Rf7 18. Rc4 Bf6 19. Qc2 Qd7 20. a4 Bd8 21. Rc1 h5 22. h3 Rg7 23. Be1 Nf8 24. Nf2 Nh7 25. Rc6 Bb7 26. Na3 Nb8 27. Nb5 Na6 28.
Na3 Nf6 29. a5 bxa5 30. Bxa6 Bxa6 31. Rxa6 axb4 32. Bxb4 g4 33. fxg4 hxg4 34. Qc6 gxh3 35. Qxd7 Rxg2+ 36. Kf1 Nxd7 37. Nxh3 Rg3 38. Nf2 Rb3 39.
Nc2 Nb6 40. Rca1 Nc4 41. Rxa7 Rxa7 42. Rxa7 Kf7 43. Ra2 Bh4 44. Ke2 Rg3 45. Ne1 Re3+ 46. Kf1 f3 47. Ra7 Bxf2 48. Kxf2 Rb3 49. Rxc7+ Kf6 50.
Rxc4 Rb1 51. Nxf3 Rd1 52. Bxd6 1-0

[Event "*** SCC Grand Prix: Titled Tuesday Blitz"]
[Site "Chess.com"]
[Date "2020.08.11"]
[Round "2"]
[White "PIwan"]
[Black "Shahinyan_ChessMood"]
[Result "0-1"]
[WhiteElo "2455"]
[BlackElo "2686"]
[TimeControl "180+1"]
[EndTime "10:19:21 PDT"]
[Termination "Shahinyan_ChessMood won on time"]

1. c4 e5 2. Nc3 Nc6 3. Nf3 g6 4. d4 exd4 5. Nxd4 Bg7 6. Nxc6 bxc6 7. g3 Ne7 8. Bg2 O-O 9. O-O Rb8 10. Qc2 d6 11. b3 Bf5 12. e4 Be6 13. Bb2 c5 14.
Rad1 Nc6 15. Ne2 Bxb2 16. Qxb2 Bxc4 17. Rfe1 Bxe2 18. Qxe2 Nd4 19. Qa6 Qc8 20. Qa5 Rb6 21. e5 Qa6 22. Qd2 Qb5 23. Kh1 a5 24. Bd5 a4 25. Bc4 Qc6+ 26. f3 Nxf3 27. Bd5 Nxd2 28. Bxc6 Rxc6 29. Rxd2 axb3 30. axb3 Rb8 31. exd6 cxd6 32.
Re3 Rcb6 33. Red3 Rxb3 34. Rxd6 Rb2 35. Kg2 Rxd2+ 36. Rxd2 Rc8 37. Kf3 Kg7 38. Ke4 Kf6 39. Rc2 c4 40. h3 c3 41. Kd4 Kf5 42. Kd3 h5 43. Rf2+ Kg5 44. Kc2 Rc7 45. Rf4 f5 46. h4+ Kf6 47. Rf3 Ke5 48. Re3+ Kd5 49. Rd3+ Ke5 50.
Re3+ Kf6 51. Rd3 Rc6 52. Re3 f4 53. Rf3 Rc4 54. gxf4 Kf5 55. Rg3 Rc6 56. Rf3 Kg4 57. Rxc3 Rxc3+ 58. Kxc3 Kxf4 59. Kd4 Kg4 0-1

[Event "*** SCC Grand Prix: Titled Tuesday Blitz"]
[Site "Chess.com"]
[Date "2020.08.11"]
[Round "2"]
[White "Dvacetsekund"]
[Black "Anna_ChessMate"]
[Result "0-1"]
[WhiteElo "2127"]
[BlackElo "2622"]
[TimeControl "180+1"]
[EndTime "10:19:21 PDT"]
[Termination "Anna_ChessMate won by resignation"]

1. e4 c6 2. d4 d5 3. exd5 cxd5 4. c4 Nf6 5. Nc3 Nc6 6. Bg5 Be6 7. c5 g6 8. Nf3 Bg7 9. Bb5 O-O 10. O-O Ne4 11. Be3 Nxc3 12. bxc3 Qc7 13. Rb1 b6 14. Bxc6 Qxc6 15. Qb3 bxc5 16. Qb7 Qxb7 17. Rxb7 Rfe8 18. dxc5 Bxc3 19. Rc1 Bc8 20. Rb5 a6 21. Rb3 Bg7 22.
c6 e5 23. Bb6 d4 24. h3 Be6 25. Ra3 Reb8 26. Bc7 Rb5 27. Nd2 Bh6 28. Rd1 Rc8 29.
Ba5 Rxc6 30. Ne4 f5 31. Ng3 Kf7 32. Be1 Bc1 33. Rad3 Bxa2 34. Bd2 Bxd2 35. R3xd2 Bb3 36. Ra1 a5 37. Ne2 a4 38. Rd3 Bc4 39. Rd2 Bb3 40. Nc1 Rc2 41. Nxb3 axb3 42. Ra7+ Kf6 43. Ra6+ Kg5 44.
g3 Rxd2 0-1